 Dungeon Crawl Stone Soup version 0.23.1-37-gaa34b87 (webtiles) character file.

Game seed: 14092619266491679910

1008 Irenicus the Geomancer (level 8, -1/62 HPs)
             Began as a Deep Dwarf Earth Elementalist on Mar 23, 2019.
             Was a Follower of Makhleb.
             Slain by an ogre
             ... wielding a +0 giant club
              (5 damage)
             ... on level 5 of the Dungeon.
             The game lasted 00:15:09 (2364 turns).

Irenicus the Geomancer (DDEE)                       Turns: 2364, Time: 00:15:10

Health: -1/62      AC:  5    Str: 11 (12) XL:     8   Next: 1%
Magic:  4/10       EV: 12    Int: 18      God:    Makhleb [*.....]
Gold:   247        SH:  0    Dex: 13      Spells: 6/12 levels left

rFire    . . .     SeeInvis .   n - +1 rapier
rCold    . . .     Gourm    .   (no shield)
rNeg     . . .     Faith    .   l - +0 leather armour
rPois    .         Spirit   .   i - +1 helmet
rElec    .         Reflect  .   (no cloak)
rCorr    .         Harm     .   (no gloves)
MR       +....                  (no boots)
Stlth    ++........             (no amulet)
HPRegen  0.00/turn              (no ring)
MPRegen  0.12/turn              (no ring)

@: non-regenerating
A: damage resistance, heal wounds, sense surroundings 1, no regeneration
a: Heal Wounds, Renounce Religion


You were on level 5 of the Dungeon.
You worshipped Makhleb.
Makhleb was aware of your devotion.
You were hungry.

You visited 2 branches of the dungeon, and saw 6 of its levels.

You collected 247 gold pieces.

Inventory:

Hand Weapons
 n - a +1 rapier (weapon)
   (You took it off an orc on level 3 of the Dungeon)
Missiles
 g - 34 stones (quivered)
Armour
 c - a +0 buckler
   (You found it on level 4 of the Dungeon)
 i - a +1 helmet (worn)
   (You found it on level 3 of the Dungeon)
 l - a +0 leather armour (worn)
   (You found it on level 2 of the Dungeon)
Jewellery
 h - an uncursed ring of ice {unknown}
   (You found it on level 5 of the Dungeon)
Scrolls
 a - a scroll of identify {unknown}
 b - a scroll of noise {unknown}
 f - a scroll of enchant armour
 j - 2 scrolls of remove curse
 m - a scroll of amnesia
Potions
 e - a potion of curing
Comestibles
 d - 6 rations


   Skills:
 + Level 5.3 Short Blades
 - Level 2.1 Dodging
 - Level 2.4 Stealth
 - Level 2.5 Spellcasting
 - Level 0.8 Transmutations
 - Level 9.6 Earth Magic


You had 6 spell levels left.
You knew the following spells:

 Your Spells              Type           Power        Failure   Level  Hunger
a - Sandblast             Erth           #####.       1%          1    #......
w - Passwall              Tmut/Erth      ###.....     4%          2    ##.....
x - Stone Arrow           Conj/Erth      ###...       10%         3    ###....

Your spell library contained the following spells:

 Spells                   Type           Power        Failure   Level  Hunger
 Lee's Rapid Deconstruct  Erth           #####.....   12%         5    ######.
 Petrify                  Tmut/Erth      ###.....     26%         4    #####..


Dungeon Overview and Level Annotations

Branches:
Dungeon (5/15)             Temple (1/1) D:4

Altars:
Ashenzari
Fedhas
Gozag
Hepliaklqana
Kikubaaqudgha
Makhleb
Okawaru
Qazlal
Ru
Uskayaw
Zin
The Shining One

Shops:
D:4 :


Innate Abilities, Weirdness & Mutations

You are resistant to damage.
You can heal yourself by infusing magical energy.
You passively map a small area around you.
You do not regenerate.


Message History

You now have 0/10 mp.
Found a stone staircase leading up.
g - 38 stones (gained 12)
A rock wall.
You begin to meditate on the wall.
You continue meditating on the rock. x2
You finish merging with the rock.
A sky beast, a zombie and a skeleton come into view.
You now have 1/10 mp.
Aim: an adder skeleton The blast of sand hits the adder skeleton.
g - 37 stones You now have 0/10 mp.
You don't have enough magic to cast that spell.
Unknown command.
The adder skeleton barely misses you. The adder skeleton barely misses you.
You see here a glowing tourmaline ring.
h - a glowing tourmaline ring The adder skeleton closely misses you.
The centaur zombie hits you but does no damage.
The adder skeleton bites you but does no damage.
The centaur zombie barely misses you. The centaur zombie hits you.
The sky beast flickers out of sight!
Deactivating autopickup; reactivate with Ctrl-A.
The centaur zombie barely misses you.
Aim: an adder skeleton (moderately damaged)
The blast of sand hits the centaur zombie!
g - 36 stones The centaur zombie closely misses you.
You now have 0/10 mp.
Okay, then.
You puncture the centaur zombie! The centaur zombie hits you.
You puncture the centaur zombie! The centaur zombie hits you.
You hit the centaur zombie.
You destroy the centaur zombie!
Makhleb accepts your kill.
You hit the adder skeleton. The adder skeleton barely misses you.
Aim: an adder skeleton (moderately damaged)
Okay, then.
You hit the adder skeleton. The adder skeleton closely misses you.
You hit the adder skeleton. The adder skeleton misses you.
You hit the adder skeleton.
You destroy the adder skeleton!
Makhleb accepts your kill.
You miss something.
A sky beast appears from thin air!
Reactivating autopickup.
The sky beast closely misses you.
Aim: a sky beast (rain)
The blast of sand hits the sky beast!
g - 35 stones The sky beast hits you.
The sky beast shocks you.
You take 4 damage, and have 17/55 hp.
You now have 0/10 mp.
You barely miss the sky beast. The sky beast hits you.
* * * LOW HITPOINT WARNING * * *
The sky beast shocks you.
* * * LOW HITPOINT WARNING * * *
You take 6 damage, and have 11/55 hp.
Aim: a sky beast (heavily wounded)
The blast of sand hits the sky beast!
g - 34 stones The sky beast flickers out of sight!
Deactivating autopickup; reactivate with Ctrl-A.
Something hits you.
* * * LOW HITPOINT WARNING * * *
Something shocks you.
* * * LOW HITPOINT WARNING * * *
You take 6 damage, and have 5/55 hp.
You now have 0/10 mp.
Okay, then.
Your magical essence is drained by the effort!
You feel much better. Something hits you. Something shocks you.
You regained 18 hp, and now have 23/55 hp.
You closely miss something. You closely miss something.
Something hits you but does no damage.
You closely miss something. Something hits you. Something shocks you.
* * * LOW HITPOINT WARNING * * *
You take 7 damage, and have 16/55 hp.
You barely miss something. Something hits you. Something shocks you.
* * * LOW HITPOINT WARNING * * *
You take 5 damage, and have 11/55 hp.
You barely miss something. Something hits you. Something shocks you.
* * * LOW HITPOINT WARNING * * *
You take 4 damage, and have 7/55 hp.
You closely miss something.
A sky beast appears from thin air!
Reactivating autopickup.
The sky beast hits you. The sky beast shocks you.
* * * LOW HITPOINT WARNING * * *
You take 3 damage, and have 4/55 hp.
You closely miss the sky beast. The sky beast barely misses you.
You hit the sky beast.
You kill the sky beast!
Makhleb accepts your kill.
You feel your strength returning.
Your Short Blades skill increases to level 5!
You have reached level 8!
You feel stronger.
You see here a sky beast corpse.
An ogre comes into view. It is wielding a +0 giant club.
The ogre shouts!
You hit the ogre. The ogre hits you with a +0 giant club.
You die...

#### ...########
####### ...##.....#
#.....#
..........#####.....#
* *
................@O..+,
,
#.........#####.....#
#.........# ####### ,
#.........# *
########### * **
....... , , , .......
* * , , , .###[..,, **
, .# ., ,


You could see an ogre.

Vanquished Creatures
  Menkaure (D:4)
  A sky beast (D:5)
  An ogre (D:5)
  A bullfrog (D:5)
  A howler monkey (D:4)
  A centaur zombie (D:5)
  6 orc wizards
  4 orc priests
  A hound (D:3)
  Jessica (D:2)
  An iguana (D:5)
  A hound zombie (D:5)
  A hound skeleton (D:4)
  Robin (D:4)
  6 adders
  3 adder skeletons
  2 worms
  4 dart slugs
  3 leopard geckos
  13 orcs
  13 bats
  5 giant cockroaches
  19 goblins
  10 hobgoblins
  7 jackals
  5 kobolds
  2 quokkas (D:2)
  A ball python (D:3)
  4 frilled lizards
  A quokka skeleton (D:5)
  12 rats
132 creatures vanquished.

Notes
Turn   | Place    | Note
-------+----------+-------------------------------------------
     0 | D:1      | Irenicus the Deep Dwarf Earth Elementalist began the quest
                  | for the Orb.
     0 | D:1      | Reached XP level 1. HP: 15/15 MP: 3/3
    78 | D:1      | Reached skill level 2 in Spellcasting
   104 | D:1      | Reached XP level 2. HP: 20/22 MP: 0/5
   392 | D:1      | Reached XP level 3. HP: 26/28 MP: 2/6
   504 | D:1      | Learned a level 2 spell: Passwall
   555 | D:2      | Reached skill level 5 in Earth Magic
   744 | D:2      | Reached XP level 4. HP: 31/36 MP: 4/7
   758 | D:2      | Reached skill level 6 in Earth Magic
   848 | D:2      | Found a hazy altar of Hepliaklqana.
   934 | D:3      | Found an iron altar of Okawaru.
  1014 | D:3      | Found an opulent altar of Gozag.
  1052 | D:3      | HP: 7/36 [orc/+0 rapier (6)]
  1111 | D:3      | Found a glowing golden altar of the Shining One.
  1136 | D:3      | Reached skill level 7 in Earth Magic
  1139 | D:3      | Reached XP level 5. HP: 5/42 MP: 4/8
  1181 | D:3      | HP: 10/42 [orc priest/divine providence (14)]
  1186 | D:3      | Reached skill level 8 in Earth Magic
  1186 | D:3      | HP: 6/42 [hobgoblin/+0 club (2)]
  1245 | D:3      | HP: 3/42 [rat (2)]
  1455 | D:2      | Noticed Jessica
  1467 | D:2      | Killed Jessica
  1489 | D:2      | Reached XP level 6. HP: 46/49 MP: 4/9
  1613 | D:4      | Found a staircase to the Ecumenical Temple.
  1620 | Temple   | Entered the Ecumenical Temple
  1628 | Temple   | Became a worshipper of Makhleb the Destroyer
  1664 | D:4      | Reached skill level 9 in Earth Magic
  1695 | D:4      | Found Vaakh's Book Shop.
  1731 | D:4      | Learned a level 3 spell: Stone Arrow
  1771 | D:4      | Reached skill level 1 in Short Blades
  1784 | D:4      | HP: 11/49 [orc/+0 mace (7)]
  1797 | D:4      | HP: 12/49 [orc/+0 mace (2)]
  1799 | D:4      | Reached XP level 7. HP: 7/55 MP: 0/10
  1804 | D:4      | HP: 4/55 [orc/+0 mace (2)]
  1813 | D:4      | Reached skill level 2 in Short Blades
  2032 | D:4      | Noticed Menkaure
  2037 | D:4      | Killed Menkaure
  2037 | D:4      | Reached skill level 3 in Short Blades
  2115 | D:4      | Noticed Robin
  2117 | D:4      | Reached * piety under Makhleb
  2130 | D:4      | Killed Robin
  2233 | D:5      | Entered Level 5 of the Dungeon
  2271 | D:5      | Reached skill level 4 in Short Blades
  2328 | D:5      | HP: 11/55 [sky beast (4)]
  2329 | D:5      | HP: 5/55 [something (5)]
  2335 | D:5      | HP: 11/55 [something (5)]
  2337 | D:5      | HP: 4/55 [sky beast (3)]
  2339 | D:5      | Reached skill level 5 in Short Blades
  2339 | D:5      | Reached XP level 8. HP: 4/62 MP: 1/10
  2364 | D:5      | Slain by an ogre

Skill      XL: |  1  2  3  4  5  6  7 |
---------------+----------------------+-----
Spellcasting   | 2 |  2.5
Earth Magic    | 5 7 8 9 |  9.6
Short Blades   | 1 5 |  5.3
Dodging        | |  2.1
Stealth        | |  2.4
Transmutations | |  0.8

Action                   |  1- 3 |  4- 6 |  7- 9 || total
-------------------------+-------+-------+-------++-------
Melee: Unarmed           |    28 |       |       ||    28
       Club              |    17 |    45 |       ||    62
       Rapier            |       |    67 |    45 ||   112
 Cast: Sandblast         |    48 |    81 |    35 ||   164
       Passwall          |       |     5 |     3 ||     8
       Stone Arrow       |       |     3 |     1 ||     4
 Abil: Heal Wounds       |       |     2 |     2 ||     4
  Use: Scroll            |       |     6 |     1 ||     7
       Potion            |       |     6 |       ||     6
 Stab: Sleeping          |     1 |       |     1 ||     2
  Eat: Chunk             |       |     3 |       ||     3
       Ration            |       |       |     1 ||     1
Armor: Robe              |    19 |       |       ||    19
       Leather armour    |       |    57 |     9 ||    66
Dodge: Dodged            |    54 |   107 |    36 ||   197

Levels and vault maps discovered:
D:1:      psy_arrival_fountain, layout_loops_ring,
          chequers_serial_rivers_room_b, minmay_pentomino_p2
D:2:      layout_loops_ring, lemuel_crystal_altar, bh_walls_and_bars,
          uniq_jessica
D:3:      layout_loops_cross, overflow_temple_1_default, tso_metal_star,
          first_ration, okawaru_gym_becter
D:4:      layout_basic, minmay_temple_entry_enclosed_plants, serial_shops,
          nicolae_shop_trees, uniq_robin, uniq_menkaure
D:5:      layout_basic, serial_glass, glass_columns_a, glass_columns_a,
          ebering_ghost_sewer_d
Temple:   eino_temple_lava

Table legend:
 A = Turns spent in this place as a percentage of turns spent in the entire game.
 B = Non-inter-level travel turns spent in this place as a percentage of non-inter-level travel turns spent in the entire game.
 C = Inter-level travel turns spent in this place as a percentage of turns spent in this place.
 D = Turns resting spent in this place as a percentage of non-inter-level travel turns spent in this place.
 E = Turns spent auto-exploring this place as a percentage of non-inter-level travel turns spent in this place.
 F = Non-inter-level travel turns spent in this place divided by the number of levels of this place that you've seen.
                   A       B       C       D       E      F
               +-------+-------+-------+-------+-------+----------------------
         Total | 100.0 | 100.0 |   0.1 |   0.0 |   0.0 | 393.5
       Dungeon |  99.3 |  99.3 |   0.1 |   0.0 |   0.0 | 468.8
        Temple |   0.7 |   0.7 |   0.0 |   0.0 |   0.0 |  17.0
               +-------+-------+-------+-------+-------+----------------------

Table legend:
 A = Kills in this place as a percentage of kills in entire the game.
 B = Kills by you in this place as a percentage of kills by you in the entire game.
 C = Kills by friends in this place as a percentage of kills by friends in the entire game.
 D = Other kills in this place as a percentage of other kills in the entire game.
 E = Experience gained in this place as a percentage of experience gained in the entire game.
 F = Experience gained in this place divided by the number of levels of this place that you have seen.
                   A       B       C       D       E      F
               +-------+-------+-------+-------+-------+----------------------
         Total | 100.0 | 100.0 |   N/A |   N/A | 100.0 | 240.0
       Dungeon | 100.0 | 100.0 |   N/A |   N/A | 100.0 | 288.0
               +-------+-------+-------+-------+-------+----------------------
